 Dungeon Crawl Stone Soup version 0.25.1-2-g60ff931df9 (webtiles) character file.

Game seed: 12552629362718426743

2551 Ivernyr the Frost Mage (level 9, -4/47 HPs)
             Began as a Vine Stalker Ice Elementalist on Oct 19, 2020.
             Was a Believer of Sif Muna.
             Slain by Harold
             ... wielding a +2 long sword of protection
              (8 damage)
             ... on level 8 of the Dungeon.
             The game lasted 00:19:20 (6189 turns).

Ivernyr the Frost Mage (VSIE)                       Turns: 6189, Time: 00:19:20

Health: -4/47      AC:  5    Str: 11    XL:     9   Next: 56%
Magic:  0/19       EV: 12    Int: 22    God:    Sif Muna [**....]
Gold:   232        SH:  0    Dex: 13    Spells: 5/20 levels left

rFire    + + .     SeeInvis .   g - +6 flail
rCold    + . .     Gourm    .   (no shield)
rNeg     . . .     Faith    .   a - +5 robe "Posuu" {rF++ rC+ Int+4 Dex-2}
rPois    .         Spirit   +   (no helmet)
rElec    .         Reflect  .   (no cloak)
rCorr    .         Harm     .   r - +1 pair of gloves
MR       +....                  (no boots)
Stlth    ++........             (no amulet)
HPRegen  0.55/turn              b - +4 ring of slaying
MPRegen  0.16/turn              t - ring of flight

@: about to teleport, corroded, frozen ramparts
A: fangs 3, regeneration 1, magic shield, antimagic bite, no potion heal 3, rot
immunity
a: Channel Magic, Renounce Religion, Evoke Flight


You were on level 8 of the Dungeon.
You worshipped Sif Muna.
Sif Muna was pleased with you.
You were not hungry.

You visited 1 branch of the dungeon, and saw 7 of its levels.

You collected 232 gold pieces.

Inventory:

Hand Weapons
 g - a +6 flail (weapon)
Armour
 a - the +5 robe "Posuu" (worn) {rF++ rC+ Int+4 Dex-2}
   (You took it off a kobold on level 4 of the Dungeon)

   It affects your intelligence (+4).
   It affects your dexterity (-2).
   It greatly protects you from fire.
   It protects you from cold.
 r - a +1 pair of gloves (worn)
Jewellery
 b - a +4 ring of slaying (left hand)
 t - a ring of flight (right hand)
Scrolls
 d - 2 scrolls of immolation
 e - a scroll of enchant weapon
 f - 2 scrolls of enchant armour
 j - 2 scrolls of amnesia {unknown}
 k - 2 scrolls of identify
 l - a scroll of magic mapping {unknown}
 n - a scroll of blinking {unknown}
 o - 3 scrolls of teleportation
 u - 3 scrolls of fog {unknown}
 y - a scroll of random uselessness {unknown}
Potions
 i - a potion of degeneration {unknown}
 m - a potion of ambrosia {unknown}
 p - a potion of cancellation {unknown}
 q - 3 potions of stabbing {unknown}
 s - 3 potions of heal wounds {unknown}
 v - a potion of brilliance {unknown}
 w - 2 potions of resistance {unknown}
 x - a potion of haste {unknown}
 z - a potion of might {unknown}
Comestibles
 c - 10 rations
 h - 3 chunks of flesh


   Skills:
 + Level 5.0 Fighting
 - Level 2.3 Dodging
 - Level 2.4 Stealth
 + Level 6.0 Spellcasting
 * Level 9.1 Ice Magic
 + Level 4.9 Invocations


You had 5 spell levels left.
You knew the following spells:

 Your Spells              Type           Power        Failure   Level  Hunger
a - Freeze                Ice            ####         1%          1    None
b - Frozen Ramparts       Ice            #####.       1%          3    #......
c - Ozocubu's Armour      Chrm/Ice       ####....     4%          3    #......
d - Hailstorm             Conj/Ice       ####....     14%         4    ###....
e - Summon Ice Beast      Ice/Summ       ####....     14%         4    ###....

Your spell library contained the following spells:

 Spells                   Type           Power        Failure   Level  Hunger
 Sandblast                Erth           #.....       9%          1    None
 Passwall                 Tmut/Erth      #.......     14%         2    None
 Confusing Touch          Hex            #.......     26%         3    #......
 Gell's Gravitas          Tloc           #.........   26%         3    #......
 Stone Arrow              Conj/Erth      #.....       26%         3    #......
 Metabolic Englaciation   Hex/Ice        ####......   36%         5    #####..
 Petrify                  Tmut/Erth      #.......     65%         4    ###....
 Lee's Rapid Deconstruct  Erth           #.........   94%         5    #####..
 Yara's Violent Unravell  Hex/Tmut       #.........   94%         5    #####..


Dungeon Overview and Level Annotations

Branches:
Dungeon (6/15)
 Temple: D:4-7

Altars:
Fedhas
Nemelex Xobeh
Okawaru
Ru
Sif Muna
Yredelemnul

Annotations:
D:8 Harold


Innate Abilities, Weirdness & Mutations

You have razor-sharp teeth.
Your natural rate of healing is unusually fast.
When hurt, damage is shared between your health and your magic reserves.
Your bite disrupts and absorbs the magic of your enemies.
Potions cannot restore your health.
You are immune to rotting.


Message History

The walls around you are covered in ice.
Casting: Frozen Ramparts (safe; 1% risk of failure)
Confirm with . or Enter, or press ? or * to list all spells.
A film of ice covers your body!
The wall freezes Harold.
Harold says, "Ah, this is what I got into this business for!"
Harold zaps a wand.
The bolt of acid hits you! The acid corrodes you!
You are splashed with acid!
You hit Harold.
Harold is lightly wounded.
The wall freezes Harold.
Harold barely misses you.
The wall freezes Harold!
Harold zaps a wand.
The bolt of acid hits you!
* * * LOW HITPOINT WARNING * * *
You are splashed with acid!
* * * LOW HITPOINT WARNING * * *
Your icy armour cracks and falls away as you move.
As you read the scroll of teleportation, it crumbles to dust.
You feel strangely unstable.
The wall freezes Harold. x2
Harold hits you with a +2 long sword of protection!
You die...

......###.....#
...## ##....#
... #..##..##
.... #.##
#..### ####
..... ##.#
#...##.....
......##.##
#.......#
.........##
##..#
......##..#
##@.## ##.##
##.## ##@.##
##.####..##
#...##..##
#......##
#......#
#.......#
#..######..#
.## #..# # #...


You could see Harold.

Vanquished Creatures
  Grinder (D:4)
  Sigmund (D:5)
  Eustachio (D:5)
  Edmund (D:4)
  Purgy (D:4)
  An ice beast (D:6)
  A phantom (D:5)
  A sky beast (D:5)
  5 ogres
  A centaur (D:6)
  2 big kobolds
  A gnoll sergeant (D:6)
  A scorpion (D:6)
  A water moccasin skeleton (D:6)
  A howler monkey (D:4)
  2 crimson imps (D:5)
  A bullfrog zombie (D:5)
  A centaur zombie (D:6)
  3 orc priests
  2 hounds (D:4)
  4 orc wizards
  2 iguanas
  3 worker ants
  5 gnolls (D:6)
  6 adders
  A shadow imp (D:2)
  2 adder skeletons (D:5)
  2 worms
  2 dart slugs (D:1)
  7 leopard geckos
  12 orcs
  4 ball pythons
  6 giant cockroaches
  6 goblins
  3 hobgoblins
  4 jackals
  3 quokkas
  11 bats
  2 frilled lizards
  37 kobolds
  2 leopard gecko skeletons
  5 rats
158 creatures vanquished.

Vanquished Creatures (others)
  A plant (D:4)
1 creature vanquished.

Grand Total: 159 creatures vanquished

Notes
Turn   | Place    | Note
-------+----------+-------------------------------------------
     0 | D:1      | Ivernyr the Vine Stalker Ice Elementalist began the quest
                  | for the Orb.
     0 | D:1      | Reached XP level 1. HP: 9/9 MP: 4/4
   254 | D:1      | Reached XP level 2. HP: 10/14 MP: 6/6
   785 | D:1      | Reached XP level 3. HP: 17/17 MP: 7/7
   795 | D:1      | Learned a level 3 spell: Frozen Ramparts
   799 | D:1      | Learned a level 3 spell: Ozocubu's Armour
  1324 | D:2      | Reached skill level 1 in Fighting
  1487 | D:2      | Found a sacrificial altar of Ru.
  1792 | D:2      | Gained mutation: Your natural rate of healing is unusually
                  | fast. [Vine Stalker growth]
  1792 | D:2      | Reached XP level 4. HP: 21/22 MP: 6/9
  2339 | D:2      | Found an iron altar of Okawaru.
  2575 | D:3      | Found a shimmering blue altar of Sif Muna.
  2584 | D:3      | Reached skill level 5 in Ice Magic
  2584 | D:3      | Reached XP level 5. HP: 26/26 MP: 6/10
  2595 | D:3      | Became a worshipper of Sif Muna the Loreminder
  2785 | D:3      | Found a blossoming altar of Fedhas.
  3407 | D:4      | Reached XP level 6. HP: 29/30 MP: 7/12
  3477 | D:4      | Found a sparkling altar of Nemelex Xobeh.
  3504 | D:4      | Reached skill level 1 in Invocations
  3662 | D:4      | Noticed Edmund
  3675 | D:4      | Killed Edmund
  3675 | D:4      | Reached * piety under Sif Muna
  3695 | D:4      | Noticed Grinder
  3697 | D:4      | Noticed Purgy
  3798 | D:4      | Killed Purgy
  3798 | D:4      | Reached skill level 6 in Ice Magic
  3798 | D:4      | Reached XP level 7. HP: 32/35 MP: 6/13
  3879 | D:4      | Paralysed by Grinder for 3 turns
  3886 | D:4      | Killed Grinder
  3905 | D:4      | Identified the +5 robe "Posuu" {rF++ rC+ Int+4 Dex-2}
  4028 | D:4      | Gained mutation: You have razor-sharp teeth. [Vine Stalker
                  | growth]
  4028 | D:4      | Reached XP level 8. HP: 29/40 MP: 15/15
  4140 | D:4      | Reached skill level 7 in Ice Magic
  4394 | D:4      | Reached ** piety under Sif Muna
  4688 | D:5      | Entered Level 5 of the Dungeon
  4869 | D:5      | Reached skill level 5 in Spellcasting
  4938 | D:5      | Noticed Sigmund
  4951 | D:5      | Killed Sigmund
  4951 | D:5      | Reached skill level 8 in Ice Magic
  5018 | D:5      | Noticed Eustachio
  5045 | D:5      | Killed Eustachio
  5045 | D:5      | Reached XP level 9. HP: 42/45 MP: 10/18
  5549 | D:5      | Found a basalt altar of Yredelemnul.
  5740 | D:6      | Learned a level 4 spell: Hailstorm
  5749 | D:6      | Learned a level 4 spell: Summon Ice Beast
  6074 | D:6      | Reached skill level 9 in Ice Magic
  6127 | D:6      | Reached skill level 5 in Fighting
  6163 | D:6      | You fall into a shaft and drop 2 floors!
  6183 | D:8      | Noticed Harold
  6186 | D:8      | HP: 2/47 [acid (8)]
  6189 | D:8      | Slain by Harold

Illustrated notes

Levels and vault maps discovered:
D:1:      elethiomel_arrival_maze, layout_basic, minmay_nonomino_d4
D:2:      layout_basic, okawaru_altar_gauntlet_db,
          nicolae_overflow_crystal_walls
D:3:      layout_loops_cross, lemuel_doored_altar, old_standard_altar,
          minmay_misc_feat_columns, minmay_misc_feat_nine_boxes
D:4:      kennysheep_kobold_camp, layout_basic, lemuel_round_altar,
          chequers_jeans, hangedman_feature_mirror, uniq_edmund, uniq_purgy,
          uniq_grinder
D:5:      layout_gridville, yredelemnul_altar_generic, first_ration,
          serial_bayou_lagoon_a, chequers_serial_rivers_small_3, uniq_sigmund,
          uniq_eustachio
D:6:      minmay_diamond_boxcup, layout_loops_ring
D:8:      layout_layer_cave, xom_teletrap_fun, uniq_harold

Skill      XL: |  1  2  3  4  5  6  7  8  9 |
---------------+----------------------------+-----
Fighting       | 1 2 3 4 5 |  5.0
Dodging        | 2 |  2.3
Spellcasting   | 3 4 5 6 |  6.0
Ice Magic      | 5 6 8 9 |  9.1
Invocations    | 1 2 4 |  4.9
Stealth        | |  2.4

Action                   |  1- 3 |  4- 6 |  7- 9 || total
-------------------------+-------+-------+-------++-------
Melee: Unarmed           |     4 |       |       ||     4
       Bite              |    12 |     7 |    26 ||    45
       Dagger            |    54 |    59 |       ||   113
       Flail             |       |     1 |   139 ||   140
 Cast: Freeze            |    20 |    49 |     3 ||    72
       Frozen Ramparts   |       |     3 |    13 ||    16
       Ozocubu's Armour  |       |       |     1 ||     1
  Use: Scroll            |       |     6 |     1 ||     7
 Stab: Sleeping          |     5 |     8 |     3 ||    16
       Distracted        |       |     1 |       ||     1
  Eat: Chunk             |     3 |     6 |     9 ||    18
Armor: Robe              |    19 |    26 |    59 ||   104
Dodge: Dodged            |    41 |    84 |    89 ||   214
